AoeStats
← laichzeit53

Arena

509168544Analyzed
1v1 RM · 5d ago on Sep 25, 2026· 40m 6s· 2 players
Game mode
Random Map
Map size
Tiny (2 player)
Population
200
Speed
Normal
Resources
Standard
Victory
Conquest
Starting age
Dark Age
Ending age
Imperial Age
RankedLock teamsTeams togetherTeam positionsShared explorationLock speedFull tech treeHidden civsTurbo modeCheats
Victory
Defeat
🇦🇷 Georgians · Argentina
465
+13
🇿🇦 Franks · South Africa
410
-13
laichzeit53
0:51 Loom
10:06 Feudal Age
10:36 Double-Bit Axe
11:31 Wheelbarrow
13:54 Town Watch
15:02 Gold Mining
16:37 Stone Mining
20:26 Castle Age
19:23 Man-at-Arms
22:06 Bow Saw
25:01 Hand Cart
25:55 Gold Shaft Mining
25:49 Husbandry
25:11 Light Cavalry
26:30 Scale Barding Armor
28:22 Long Swordsman
28:22 Pikeman
29:07 Scale Mail Armor
29:17 Forging
marcezoccali
0:26 Loom
12:37 Feudal Age
15:50 Horse Collar
16:01 Double-Bit Axe
23:43 Castle Age
23:53 Gold Mining
23:56 Stone Mining
28:57 Forging
28:57 Scale Barding Armor
28:43 Fletching
34:51 Man-at-Arms
Connection lost

Rejoining the realm…

Still unreachable

The connection could not be restored.

Session expired

The server has moved on; the page needs a fresh start.